 Dungeon Crawl Stone Soup version 0.27-a0-1200-g94dc6ad (webtiles) character file.

Game seed: 3681099522926934506

101 Meow the Stinger (level 4, 32/36 HPs)
             Began as a Naga Venom Mage on June 1, 2021.
             Quit the game on level 3 of the Dungeon.
             The game lasted 00:04:23 (1866 turns).

Meow the Stinger (Naga Venom Mage)                  Turns: 1866, Time: 00:04:24

Health: 32/36      AC:  2    Str: 11    XL:     4   Next: 75%
Magic:  1/9        EV:  9    Int: 16    God:
Gold:   102        SH:  0    Dex: 11    Spells: 2/9 levels left

rFire    . . .     SeeInvis +   a - +0 hunting sling
rCold    . . .     Faith    .   (no shield)
rNeg     . . .     Spirit   .   j - +0 robe
rPois    +         Reflect  .   (no helmet)
rElec    .         Harm     .   (no cloak)
rCorr    .         Rampage  .   (no gloves)
Will     .....                  (no barding)
Stlth    ++........             (no amulet)
HPRegen  0.12/turn              (no ring)
MPRegen  0.11/turn              (no ring)

@: short of breath, very slow
A: AC +1, large, see invisible, deformed body, poison resistance, slowness 2,
spit poison 1, naga tail 1
a: Spit Poison


You were on level 3 of the Dungeon.
You visited 1 branch of the dungeon, and saw 3 of its levels.

You collected 102 gold pieces.

Inventory:

Hand Weapons
 a - a +0 hunting sling (weapon)
 b - a +2 whip of venom
 c - a +0 rapier
Missiles
 h - 71 stones
 k - 12 sling bullets (quivered ammo)
 n - 23 bolts
Armour
 j - a +0 robe (worn)
Scrolls
 g - a scroll of identify {unknown}
 i - a scroll of teleportation {unknown}
 l - a scroll of amnesia {unknown}
 m - a scroll of enchant armour {unknown}
 o - a scroll of blinking {unknown}
Potions
 d - a potion of cancellation {unknown}
 e - a potion of degeneration {unknown}
 f - a potion of attraction {unknown}


   Skills:
 - Level 1.5 Dodging
 - Level 3.0 Stealth
 + Level 3.4 Spellcasting
 + Level 2.8 Conjurations
 - Level 1.0 Transmutations
 - Level 4.0 Poison Magic


You had 2 spell levels left.
You knew the following spells:

 Your Spells              Type           Power      Damage    Failure   Level
a - Sting                 Tmut/Pois      40%        1d5       6%          1
c - Mephitic Cloud        Conj/Pois/Air  10%        N/A       22%         3
C - Ignite Poison         Fire/Tmut/Pois 8%         N/A       26%         3

Your spell library contained the following spells:

 Spells                   Type           Power      Damage    Failure   Level
 Poisonous Vapours        Pois/Air       18%        N/A       12%         2
 Olgreb's Toxic Radiance  Pois           15%        N/A       34%         4


Dungeon Overview and Level Annotations

Branches:
Dungeon (3/15)

Altars:


Innate Abilities, Weirdness & Mutations

Your serpentine skin is tough. (AC +1)
You have supernaturally acute eyesight. (SInv)
Armour fits poorly on your strangely shaped body.
Your system is resistant to poisons. (rPois)
You cover ground very slowly.
You can spit poison.
You have a snake-like lower body.


Message History

Aim: a jackal (almost dead, very poisoned, 64% to hit)
The sting misses the jackal.
You have got your breath back.
You kill the jackal!
Casting: Sting (safe; 7% risk of failure)
Confirm with . or Enter, or press ? or * to list all spells.
Aiming: Sting (safe; 7% risk of failure)
Press: ? - help, Shift-Dir - straight line, f - scorpion
Aim: a scorpion (71% to hit)
The sting hits the scorpion but does no damage.
The scorpion is poisoned.
Unknown command.
Casting: Sting (safe; 7% risk of failure)
Confirm with . or Enter, or press ? or * to list all spells.
Aiming: Sting (safe; 7% risk of failure)
Press: ? - help, Shift-Dir - straight line, f/p - scorpion
Aim: a scorpion (lightly wounded, poisoned, 71% to hit)
The sting hits the scorpion but does no damage.
The scorpion looks even sicker.
The scorpion is lightly wounded.
Unknown command.
Press: ? - help, Shift-Dir - straight line, f/p - scorpion
Aim: a scorpion (moderately wounded, very poisoned)
The splash of poison hits the scorpion.
The scorpion looks even sicker.
The scorpion is heavily wounded.
The scorpion stings you but does no damage.
Unknown command.
Casting: Sting (safe; 7% risk of failure)
Confirm with . or Enter, or press ? or * to list all spells.
Aiming: Sting (safe; 7% risk of failure)
Press: ? - help, Shift-Dir - straight line, f/p - scorpion
Aim: a scorpion (severely wounded, very poisoned, 71% to hit)
The sting hits the scorpion.
The scorpion looks as sick as possible!
The scorpion is almost dead.
You kill the scorpion!
A kobold comes into view.
It is wielding a +0 club and quivering poisoned darts.
Your Spellcasting skill increases to level 3!
You have reached level 4!
You feel stronger.
Are you sure you want to abandon this character and quit the game? (Confirm with "yes".)

............... ###
(...........###.##
### .(..........# #..
K...........# #.#
..........# ######'#
.........###.........
##.####.....###......
#####.†####.##.#
#...... .......@....#
# #......
######..###.# #####+#
##+# #+#


You could see a kobold (wandering).

Vanquished Creatures
  A scorpion (D:3)
  An adder (D:2)
  3 dart slugs (D:1)
  5 endoplasms
  5 goblins
  2 jackals (D:3)
  A kobold (D:1)
  3 quokkas (D:1)
  A ball python (D:1)
  3 bats
  2 frilled lizards (D:3)
  2 rats (D:1)
29 creatures vanquished.

Notes
Turn   | Place    | Note
-------+----------+-------------------------------------------
     0 | D:1      | Meow the Naga Venom Mage began the quest for the Orb.
     0 | D:1      | Reached XP level 1. HP: 15/15 MP: 3/3
   250 | D:1      | Reached skill level 1 in Conjurations
   250 | D:1      | Reached XP level 2. HP: 22/22 MP: 3/5
   875 | D:1      | Reached XP level 3. HP: 23/28 MP: 4/6
   879 | D:1      | Learned a level 3 spell: Mephitic Cloud
   883 | D:1      | Learned a level 3 spell: Ignite Poison
  1109 | D:1      | Found a faded altar of an unknown god.
  1858 | D:3      | Noticed a scorpion
  1865 | D:3      | Killed a scorpion
  1866 | D:3      | Reached XP level 4. HP: 32/36 MP: 1/9
  1866 | D:3      | Quit the game

Illustrated notes

Levels and vault maps discovered:
D:1:      psy_arrival_statuary, layout_loops_ring,
          shapermc_ecumenical_altar_hornbeckon
D:2:      layout_rooms
D:3:      layout_basic, chequers_temple_overflow_statue_of_worship,
          nicolae_uskayaw_dance_hall

Skill      XL: |  1  2  3 |
---------------+----------+-----
Conjurations   | 1 2 |  2.8
Spellcasting   | 3 |  3.4
Dodging        | |  1.5
Stealth        | |  3.0
Transmutations | |  1.0
Poison Magic   | |  4.0

Action                   |  1- 3 |  4- 6 || total
-------------------------+-------+-------++-------
Melee: Dagger            |     3 |       ||     3
 Fire: Hunting sling     |    11 |       ||    11
 Cast: Sting             |    28 |       ||    28
 Abil: Spit Poison       |    30 |       ||    30
Armor: Robe              |     3 |       ||     3
Dodge: Dodged            |     1 |       ||     1

Table legend: (Time is in decaauts)
 A = Elapsed time spent in this place.
 B = Non-inter-level travel time spent in this place.
 C = Inter-level travel time spent in this place.
 D = Time resting spent in this place.
 E = Time spent auto-exploring this place.
 F = Levels seen in this place.
 G = Mean time per level.
                   A        B        C        D        E       F      G
               +--------+--------+--------+--------+--------+-----+--------+
         Total |   2407 |   2232 |    175 |    409 |   1464 |   3 |  802.3 |
       Dungeon |   2407 |   2232 |    175 |    409 |   1464 |   3 |  802.3 |
               +--------+--------+--------+--------+--------+-----+--------+

Top non-repeatable levels by time:
     D:1: 1467 daAuts
     D:2: 764 daAuts
     D:3: 175 daAuts
